 Dungeon Crawl Stone Soup version 0.24.0-13-gcf9b319 (webtiles) character file.

Game seed: 11744838239629574026, levelgen mode: deterministic

11 Bronimir the Firebug (level 2, -4/24 HPs)
             Began as an Ogre Fire Elementalist on Apr 24, 2020.
             Slain by a gnoll
             ... wielding a +0 whip
              (5 damage)
             ... on level 1 of the Dungeon.
             The game lasted 00:01:44 (431 turns).

Bronimir the Firebug (Ogre Fire Elementalist)        Turns: 431, Time: 00:01:44

Health: -4/24      AC:  3    Str: 11    XL:     2   Next: 25%
Magic:  2/5        EV: 10    Int: 16    God:
Gold:   17         SH:  0    Dex:  9    Spells: 5/6 levels left

rFire    . . .     SeeInvis .   a - +0 whip
rCold    . . .     Gourm    .   (no shield)
rNeg     . . .     Faith    .   b - +0 robe
rPois    .         Spirit   .   (helmet restricted)
rElec    .         Reflect  .   (no cloak)
rCorr    .         Harm     .   (gloves unavailable)
MR       .....                  (boots unavailable)
Stlth    +.........             (no amulet)
HPRegen  0.08/turn              (no ring)
MPRegen  0.09/turn              (no ring)

@: very slightly contaminated
A: large, unfitting armour, tough skin 1
a: no special abilities


You were on level 1 of the Dungeon.
You were not hungry.

You visited 1 branch of the dungeon, and saw 1 of its levels.

You collected 17 gold pieces.

Inventory:

Hand Weapons
 a - a +0 whip (weapon)
Missiles
 d - 21 stones (quivered)
Armour
 b - a +0 robe (worn)
Potions
 e - a potion of mutation {unknown}
Comestibles
 c - a ration
 f - a chunk of flesh


   Skills:
 * Level 1.9 Dodging
 - Level 1.4 Stealth
 * Level 2.6 Spellcasting
 * Level 1.0 Conjurations
 * Level 3.1 Fire Magic


You had 5 spell levels left.
You knew the following spells:

 Your Spells              Type           Power        Failure   Level  Hunger
a - Flame Tongue          Conj/Fire      #....        9%          1    #......

Your spell library contained the following spells:

 Spells                   Type           Power        Failure   Level  Hunger
 Throw Flame              Conj/Fire      #.....       13%         2    ##.....
 Conjure Flame            Conj/Fire      #.......     26%         3    ###....
 Inner Flame              Hex/Fire       #.......     30%         3    ###....
 Sticky Flame             Conj/Fire      #.......     63%         4    #####..
 Fireball                 Conj/Fire      #.........   93%         5    ######.


Dungeon Overview and Level Annotations

Branches:
Dungeon (1/15)

Altars:


Innate Abilities, Weirdness & Mutations

You are too large for most types of armour.
You have tough skin. (AC +1)


Message History

Aim: a gnoll, wielding a +0 whip You miscast Flame Tongue.
You smell something strange.
The gnoll hits you with a +0 whip!
* * * LOW HITPOINT WARNING * * *
A giant cockroach comes into view.
The kobold throws a stone.
The stone barely misses you.
Casting: Flame Tongue (safe; 9% risk of failure)
Confirm with . or Enter, or press ? or * to list all spells.
Aiming: Flame Tongue (safe; 9% risk of failure)
Press: ? - help, Shift-Dir - straight line, f/p - gnoll
Aim: a gnoll, wielding a +0 whip The flame tongue hits the gnoll.
The gnoll is moderately wounded.
The gnoll closely misses you.
The kobold throws a stone.
The stone completely misses you. The gnoll hits you with a +0 whip.
* * * LOW HITPOINT WARNING * * *
Found a stone staircase leading down.
The gnoll hits you with a +0 whip.
You die...

#####...#.#)#...#.#....
... .....#.#.#...#.#..#
K... #
#######.#.#.#.#.#..#.....
#.#.#.#............
#.#.#.#...#(##....
#...........Ks.....
≈♣♣≈≈≈♣##
.#.............. ^.P♣.^.♣
#...#.g##.###....


.PP ... #...#.@.#.# ... .♣♣♣♣.♣ #.. #.#.#.# .. .P♣♣..♣ #h#...# .
..♣♣..#####+###.##..# ................# ..# .......$........# #>.
.P..P.....K.....# ### ..♣♣bh####.....## ..♣♣Ph♣ ... You could see a gnoll and a
jackal (wandering).

Vanquished Creatures
  2 bats (D:1)
  2 hobgoblins (D:1)
  A jackal (D:1)
  3 kobolds (D:1)
  A rat (D:1)
9 creatures vanquished.

Notes
Turn   | Place    | Note
-------+----------+-------------------------------------------
     0 | D:1      | Bronimir the Ogre Fire Elementalist began the quest for the
                  | Orb.
     0 | D:1      | Reached XP level 1. HP: 16/16 MP: 3/3
   231 | D:1      | Reached skill level 1 in Conjurations
   273 | D:1      | Reached skill level 3 in Fire Magic
   273 | D:1      | Reached XP level 2. HP: 19/24 MP: 3/5
   427 | D:1      | HP: 1/24 [gnoll/+0 whip (5)]
   431 | D:1      | Slain by a gnoll

Levels and vault maps discovered:
D:1:      psy_arrival_wood_between_worlds, layout_basic

Skill      XL: |  1 |
---------------+----+-----
Conjurations   | 1 |  1.0
Fire Magic     | 3 |  3.1
Dodging        | |  1.9
Stealth        | |  1.4
Spellcasting   | |  2.6

Action                   || total
-------------------------++-------
Melee: Whip              ||    13
       Unarmed           ||     1
 Cast: Flame Tongue      ||    13
 Stab: Sleeping          ||     1
Armor: Robe              ||    17
Dodge: Dodged            ||    26
